[Event "3rd President Cup-A 2024"]
[Site "Tashkent"]
[Date "2024.11.29"]
[Round "9.11"]
[White "Sankalp Gupta"]
[Black "Mamedov, Edgar"]
[Result "1/2-1/2"]
[ECO "B30"]
[WhiteElo "2539"]
[BlackElo "2448"]
[Annotator "TA"]
[PlyCount "93"]
[EventDate "2024.11.22"]
[EventType "swiss"]
[EventCountry "UZB"]
[SourceTitle "playchess.com"]
[Source "ChessBase"]
[SourceQuality "1"]
[TimeControl "5400+30"]

1. e4 c5 2. Nf3 Nc6 3. Bb5 e6 4. Bxc6 bxc6 5. d3 Ne7 6. Nbd2 Qc7 7. h4 e5 8. h5 d6 9. Nc4 f6 10. Nh4 d5 11. Ne3 g5 12. Nhf5 Nxf5 13. Nxf5 Bxf5 14. exf5 O-O-O 15. O-O Bd6 16. Qg4 Rhe8 17. Re1 Qa5 18. c3 Qa6 19. Re3 {[%emt 0:07:17] [#]} (19. Qe2 $11) 19... Bc7 (19... d4 $1 $17 20. Rh3 e4 21. dxe4 d3) 20. Bd2 d4 21. Rh3 Qb5 22. Rb1 (22. b3 $15) 22... c4 ({Black should play} 22... e4 $17 {Strongly threatening ...e3.} 23. c4 (23. dxe4 d3 $17) 23... Qa4 24. dxe4 d3 (24... Qxa2 $2 25. Qd1 $17) (24... Qxc4 25. Rc1 $17)) 23. dxc4 $15 Qxc4 24. b3 Qa6 25. a4 dxc3 26. Bxc3 Rd3 27. Rd1 Rd5 28. Rc1 Red8 29. Re3 Bb6 30. Ree1 Qd3 31. Re2 Rc5 32. Re3 {[%emt 0:09:16] [#]} Rxc3 33. Rxc3 Qd1+ 34. Qxd1 Rxd1+ {[%emt 0:00:02] The position is equal.} 35. Kh2 Bxe3 36. fxe3 $11 {[%emt 0:02:10][%mdl 4096] Endgame. KR-KR} Kc7 37. Kg3 Kd6 38. Kf3 Rd2 39. b4 e4+ 40. Kxe4 {[%emt 0:00:37] Rd3+ would now be deadly.} Rxg2 {[%emt 0:00:02] Threatens to win with ...Rg4+.} 41. b5 cxb5 42. axb5 Rg4+ 43. Kf3 Rh4 44. Rc6+ Ke5 45. Rc5+ Kd6 46. Rc6+ Ke5 47. Rc5+ {[%emt 0:00:43] Weighted Error Value: White=0.10 (very precise) /Black=0.07 (flawless) .  Mistake:       	White=2     	Black=2      Inaccurate:     	White=3     	Black=2      OK:         	White=14    	Black=17     Best:        	White=3     	Black=3} 1/2-1/2

[Event "3rd President Cup-A 2024"]
[Site "Tashkent"]
[Date "2024.11.29"]
[Round "9.12"]
[White "Raja Rithvik R"]
[Black "Daghli, Arash"]
[Result "1/2-1/2"]
[ECO "E04"]
[WhiteElo "2528"]
[BlackElo "2435"]
[Annotator "TA"]
[PlyCount "69"]
[EventDate "2024.11.22"]
[EventType "swiss"]
[EventCountry "UZB"]
[SourceTitle "playchess.com"]
[Source "ChessBase"]
[SourceQuality "1"]
[TimeControl "5400+30"]

1. d4 d5 2. c4 e6 3. Nf3 Nf6 4. g3 dxc4 5. Bg2 Bb4+ 6. Bd2 a5 7. O-O O-O 8. a3 Bxd2 9. Nbxd2 b5 10. b3 cxb3 11. Qxb3 c6 12. Rac1 Bb7 13. Qb2 Nbd7 14. Ne1 e5 15. Bxc6 Bxc6 16. Rxc6 Qe7 17. Qxb5 exd4 18. Nef3 Qxa3 19. Nc4 Qe7 20. Nxd4 ({Of course not} 20. Nxa5 Rfb8 21. Qf5 (21. Nb7 $2 Ra7 $19) 21... Qxe2 22. Nxd4 Qb2 $17) 20... Qe4 21. e3 Rfb8 22. Qa4 Ne5 23. Nxe5 Qxe5 24. Rc4 {[%emt 0:00:38] [#] aiming for Nc6.} Qh5 25. Rfc1 h6 26. Rc5 Rb1 27. Rxb1 (27. Rxh5 {with more complications.} Rxc1+ 28. Kg2 Nxh5 29. e4) 27... Qxc5 {[%emt 0:00:08] The position is equal.} 28. Rb5 Qc3 29. Kg2 Qd2 {[%emt 0:09:01] [#] White must now prevent ...Ng4.} 30. Rf5 Qc3 31. h3 Qc7 32. Nb3 Qb7+ 33. Kh2 Qe4 34. Qxe4 (34. Rxa5 $2 {loses.} Qxa4 35. Rxa4 Rxa4 $19) 34... Nxe4 35. Rxa5 {[%emt 0:00:26] Weighted Error Value: White=0.07 (flawless) /Black=0.04 (flawless) .  Inaccurate:     	White=2     	Black=1      OK:         	White=12    	Black=14     Best:        	---       	Black=2} 1/2-1/2

[Event "3rd President Cup-A 2024"]
[Site "Tashkent"]
[Date "2024.11.29"]
[Round "9.13"]
[White "Pingin, Artem"]
[Black "Atabayev, Saparmyrat"]
[Result "1/2-1/2"]
[ECO "B48"]
[WhiteElo "2447"]
[BlackElo "2520"]
[Annotator "TA"]
[PlyCount "206"]
[EventDate "2024.11.22"]
[EventType "swiss"]
[EventCountry "UZB"]
[SourceTitle "playchess.com"]
[Source "ChessBase"]
[SourceQuality "1"]
[TimeControl "5400+30"]

1. e4 c5 2. Nf3 Nc6 3. Nc3 e6 4. d4 cxd4 5. Nxd4 Qc7 6. Be3 a6 7. Qf3 Bb4 8. Nxc6 bxc6 9. Bd4 {[%emt 0:02:14] White is slightly better.} f6 {[%emt 0:05:34] [#]} 10. Bc5 $1 Qa5 (10... a5 11. a3) 11. Bxb4 Qxb4 12. O-O-O Rb8 13. b3 Ne7 14. Qg3 (14. Kb2 {feels hotter.} d5 15. Qg3 Kf7 16. a3) 14... Kf7 15. Rd6 {[%emt 0:05:09] White has more active pieces.} Ng6 16. Be2 Qc5 17. Rhd1 h5 18. h4 Qe5 19. Rxd7+ Bxd7 20. Rxd7+ Ne7 {[%emt 0:02:17] Black is weak on the light squares} 21. f4 (21. Bxa6 $6 Qxg3 22. fxg3 Rhd8 $16) 21... Qc5 22. f5 (22. Bxa6 Qa3+ 23. Kd2 Qxa6 $11) (22. Qd3 $18) 22... Qe5 $1 $14 {[%emt 0:16:44] [#]} 23. Qxe5 (23. Bxh5+ $1 $16 Kf8 (23... Rxh5 $2 {perishes.} 24. Qg6+ Kf8 25. Qxh5 $18) 24. Qxe5 fxe5 25. g4) 23... fxe5 24. Bc4 Rhd8 25. Rc7 ({Don't play} 25. Bxe6+ Kf6 26. Ra7 g6 $15) 25... Kf6 26. Bxe6 g6 27. Bc4 Rbc8 28. Rxc8 Nxc8 29. fxg6 $11 {[%emt 0:00:08][%mdl 4096] Endgame. KRN-KBN} (29. Bxa6 gxf5 30. exf5 Kxf5) 29... a5 30. Bd3 Rg8 31. Be2 Rxg6 32. Bf3 Rg7 33. Kd2 Nb6 34. Ne2 Nd7 35. Ke3 Ke6 36. Kf2 Nf6 37. Ng3 Rh7 38. Nf5 a4 39. Ke3 Rd7 40. bxa4 Ra7 41. c3 Rxa4 42. Ng7+ Ke7 43. Nxh5 Nxh5 44. Bxh5 Rxa2 {[%emt 0:00:00] KR-KB} 45. Be2 Ra1 {[%emt 0:00:00][%mdl 1024] Black has compensation.} 46. Bf3 Rh1 47. h5 Kf6 48. Kd3 Rb1 49. Kc4 Rb5 50. Bg4 Ra5 51. Bf5 {[%emt 0:01:36] Black must now prevent h6.} Kg5 52. g4 Kh6 53. Bd7 Ra4+ 54. Kd3 Ra6 55. Kc2 (55. Kc4 $5 Ra4+ $8 56. Kd3 $11) 55... Rb6 56. Bf5 $1 Kg5 57. Kd3 Ra6 58. Kc4 Ra5 59. Bg6 Kh6 60. Kb4 Rb5+ 61. Kc4 {[%emt 0:00:12] Threatens to win with Be8.} Ra5 62. Be8 (62. Bf5 $5) 62... Ra4+ 63. Kd3 $1 Ra6 64. Bf7 Kg5 65. Be6 Ra4 66. Bd7 Ra6 67. Bc8 Ra7 68. Kc2 Rc7 69. Bf5 Rb7 70. Kd3 Ra7 71. Kc4 $1 {[%emt 0:00:06] Kc5 would now be deadly.} Ra5 72. Bc8 Ra4+ 73. Kd3 Ra7 74. Be6 Kf6 75. Bb3 Kg5 76. Bg8 Ra5 77. Bf7 Ra7 78. Be8 Ra6 79. Bd7 Kh6 80. Bc8 (80. Kc4 $5 Ra4+ $8 81. Kd3 $11) 80... Ra7 81. Kc2 Rc7 82. Bf5 {[%emt 0:01:02] Hoping for Kb3.} Rb7 83. Bg6 Kg5 84. Be8 Rb6 85. Bd7 (85. Bg6 $11) 85... Kh6 (85... c5 $1 $15) 86. Bc8 (86. Bf5 $1 $11) 86... Rb8 (86... c5 $1 $15) 87. Bd7 Rb6 88. Be6 Kg5 89. Kd3 Ra6 90. Bb3 Ra7 91. Be6 Ra6 92. Bd7 Kh6 93. Bc8 Ra7 94. Kc4 {[%emt 0:00:09] And now Kc5 would win.} Ra4+ 95. Kd3 Ra7 96. Be6 Kg5 97. Bf5 Ra5 98. Kc2 Rb5 99. Bd7 Rb6 100. Kd2 ({White should play} 100. Kd3 $11 Ra6 101. Bf5) 100... Ra6 (100... c5 $15 101. Bf5 c4) 101. Ke3 ({Better is} 101. Bf5 $11) 101... Ra8 (101... c5 $1 $15) 102. Bf5 Rd8 103. Be6 Rd6 {[%emt 0:00:10] White really could win this.   Weighted Error Value: White=0.10 (very precise) /Black=0.05 (flawless) .  Mistake:       	White=6     	Black=4      Inaccurate:     	White=1     	Black=4      OK:         	White=30    	Black=32     Best:        	White=3     	Black=5      Strong:       	White=3     	Black=1} 1/2-1/2

[Event "3rd President Cup-A 2024"]
[Site "Tashkent"]
[Date "2024.11.29"]
[Round "9.14"]
[White "Nikitenko, Mihail"]
[Black "Zarubitski, Viachaslau"]
[Result "1-0"]
[ECO "D11"]
[WhiteElo "2490"]
[BlackElo "2389"]
[Annotator "TA"]
[PlyCount "115"]
[EventDate "2024.11.22"]
[EventType "swiss"]
[EventCountry "UZB"]
[SourceTitle "playchess.com"]
[Source "ChessBase"]
[SourceQuality "1"]
[TimeControl "5400+30"]

1. d4 d5 2. c4 c6 3. Nf3 Nf6 4. e3 Bg4 5. Nc3 e6 6. h3 Bxf3 7. Qxf3 Bb4 {[%emt 0:00:12] D11: Slav Defence: 3 Nf3 sidelines and 3...Nf6 4 e3 Bg4.} 8. Bd2 Nbd7 {[%emt 0:01:11] 8...Nbd7 scores better than 8...0-0.} 9. Qd1 O-O 10. Qb3 Ba5 $146 ({Predecessor:} 10... Bxc3 11. Bxc3 Ne4 12. Bd3 Nxc3 13. bxc3 dxc4 14. Qxc4 Qc7 15. a4 Rac8 16. O-O c5 {½-½ Dreev,A (2607)-Gelfand,B (2736) Wch Blitz 2nd 2007 (34)}) 11. Rd1 e5 12. dxe5 dxc4 13. Bxc4 Nxe5 14. Be2 Nd3+ 15. Kf1 Nc5 16. Qc4 Ncd7 17. b4 Bb6 18. g3 Qe7 19. Kg2 Rfe8 20. Qb3 Rad8 21. Bc1 Ne4 22. Nxe4 Qxe4+ 23. Bf3 Qg6 (23... Qf5 $14) 24. Bb2 $16 Bc7 25. Rd2 (25. Rd4 $16 {Black must now prevent Rg4.} Nf6 26. Rxd8 Rxd8 27. Rd1) 25... Ne5 (25... Nf6 $14 26. Rhd1 Rc8) 26. Bxe5 $16 Bxe5 27. Rhd1 Rxd2 28. Rxd2 h5 (28... Bd6 $16) 29. Rd7 $18 h4 30. g4 $1 (30. Rxb7 hxg3 31. Bg4 gxf2 32. Kxf2 Bf6 $17) 30... Bd6 (30... Qe6 {was necessary.} 31. Rxb7 Qxb3 32. axb3 Rb8 33. Rxa7 (33. Bxc6 Rxb7 34. Bxb7 g5 $16) 33... Rxb4 34. Bxc6 Rxb3) 31. Rxb7 $18 Re7 32. Bxc6 Bxb4 $2 (32... Qf6 33. Rxe7 Qxe7) 33. Rb8+ $18 Kh7 34. Bb5 (34. Qxb4 Qxc6+ 35. Kh2 Qc7+ 36. Kg2 Qc6+ 37. Kh2 Qc7+ 38. Qf4 Qxf4+ 39. exf4 Re2 $11) 34... Qe4+ {[%emt 0:01:31] [#]} 35. Kg1 $1 ({Inferior is} 35. f3 Qe5 36. Bd3+ (36. Qxb4 Qg3+ 37. Kf1 Qxf3+ 38. Ke1 Qxe3+ 39. Kd1 Re4 $17) 36... g6 37. Rxb4 (37. Qxb4 $2 {too greedy.} Qg3+ 38. Kf1 Qxf3+ 39. Ke1 Rxe3+ 40. Kd2 Rxd3+ 41. Kc1 Qe3+ 42. Kb1 Rd1+ 43. Kb2 Rd2+ $19) 37... Qg3+ 38. Kf1 Qxh3+ 39. Ke1 Rxe3+ (39... Qxf3 40. Be2 $11) 40. Kd2 Rxf3 $11) 35... Rc7 36. Qxb4 Rc1+ 37. Bf1 Qd3 {[%emt 0:00:02] [#]} 38. Qb5 $1 Rxf1+ 39. Kg2 Qxb5 40. Rxb5 Rc1 41. Rb7 a5 42. Rb5 a4 43. Rb4 a3 44. Rb3 Rc2 45. Rxa3 g5 (45... Kg6 $142 46. Ra7 Rb2) 46. Ra5 Kg6 47. Kf3 Rc1 48. Ra6+ Kg7 49. a4 Rh1 50. Ra5 (50. Kg2 Ra1 51. a5 Ra4) 50... Kg6 51. Rf5 Ra1 (51... Rd1 $142 52. Ke4 f6) 52. a5 $18 Re1 53. Ke4 Rh1 54. Rb5 f6 55. a6 Ra1 56. Rb6 Ra2 57. Kd5 Rxf2 58. Ke4 (58. Kc6 $142 f5 59. a7) 1-0

[Event "3rd President Cup-A 2024"]
[Site "Tashkent"]
[Date "2024.11.29"]
[Round "9.15"]
[White "Goganov, Aleksey"]
[Black "Soham Kamotra"]
[Result "1/2-1/2"]
[ECO "E17"]
[WhiteElo "2465"]
[BlackElo "2420"]
[Annotator "TA"]
[PlyCount "46"]
[EventDate "2024.11.22"]
[EventType "swiss"]
[EventCountry "UZB"]
[SourceTitle "playchess.com"]
[Source "ChessBase"]
[SourceQuality "1"]
[TimeControl "5400+30"]

1. d4 Nf6 2. c4 e6 3. Nf3 b6 4. g3 Bb7 5. Bg2 Be7 6. O-O O-O 7. Re1 Qc8 8. Nc3 Ne4 9. Bd2 f5 10. Ne5 d6 11. Nd3 Bf6 12. e3 Nxc3 13. Bxc3 Bxg2 14. Kxg2 Qb7+ 15. Qf3 Qxf3+ {[%emt 0:00:06] The position is equal.} 16. Kxf3 Nd7 17. Kg2 c5 18. Rac1 Kf7 19. dxc5 Nxc5 20. Red1 Rfd8 21. Bxf6 Kxf6 22. Nf4 Rac8 23. h4 g6 {[%emt 0:00:22] Weighted Error Value: White=0.07 (flawless) /Black=0.05 (flawless) .  Inaccurate:     	White=1     	Black=1      OK:         	White=4     	Black=4} 1/2-1/2

[Event "3rd President Cup-A 2024"]
[Site "Tashkent"]
[Date "2024.11.29"]
[Round "9.18"]
[White "Timoshin, Maxim"]
[Black "Zemlyanskii, Ivan"]
[Result "1/2-1/2"]
[ECO "E68"]
[WhiteElo "2361"]
[BlackElo "2543"]
[Annotator "TA"]
[PlyCount "254"]
[EventDate "2024.11.22"]
[EventType "swiss"]
[EventCountry "UZB"]
[SourceTitle "playchess.com"]
[Source "ChessBase"]
[SourceQuality "1"]
[TimeControl "5400+30"]

1. d4 Nf6 2. c4 g6 3. g3 Bg7 4. Bg2 O-O 5. Nc3 d6 6. Nf3 Nbd7 7. O-O e5 8. e4 exd4 9. Nxd4 Re8 10. h3 Nc5 11. Re1 Bd7 12. Rb1 a5 13. b3 h6 14. Kh2 h5 15. f3 h4 {[%emt 0:04:13] [#] And now ...hxg3+ would win.} 16. g4 {[%emt 0:00:05] White is slightly better.} g5 17. Be3 (17. Bxg5 $2 Nxg4+ 18. fxg4 Qxg5 $19) 17... Nh7 18. Qd2 Be5+ 19. Kg1 Nf8 20. Rbd1 (20. Bxg5 $2 Bxd4+ 21. Be3 Bxe3+ 22. Qxe3 Bc6 $19) (20. Nde2 $14 Nce6 21. f4 gxf4 22. Nxf4) 20... Nce6 $11 21. Nce2 Qf6 22. Rf1 Nxd4 23. Bxd4 Bxd4+ 24. Qxd4 Qxd4+ 25. Nxd4 a4 26. b4 Ng6 27. Rf2 Ne5 28. Bf1 a3 29. Kg2 Ra4 30. Rb1 c5 31. Nc2 Be6 32. bxc5 dxc5 (32... Bxc4 33. Bxc4 Nxc4 34. cxd6 $11) 33. Rxb7 Bxc4 (33... Nxc4 34. Rc7 $11) 34. Ne3 (34. Bxc4 $17 {is a better defense.} Rxc4 (34... Nxc4 35. Rb5 $15) 35. Nxa3) 34... Bxf1+ 35. Rxf1 {[%emt 0:00:26] [#]} Rd4 (35... Rb4 $1 $19 36. Rxb4 cxb4) 36. Nd5 {[%emt 0:05:39] Black must now prevent Nf6+.} Ra8 (36... Rd8 $17 {...c4 would now be deadly.} 37. Rb3 Ra8) 37. f4 $1 gxf4 38. Rxf4 Rd2+ 39. Rf2 Rxf2+ 40. Kxf2 {[%emt 0:00:01][%mdl 4096] Endgame. KRN-KRN} Ra4 41. Ke3 Kg7 42. Kf4 Ng6+ 43. Kf5 Rd4 44. Rb3 {[%emt 0:00:07] Prevents Rd3} c4 (44... Kh6 $11 {keeps the balance.}) 45. Rxa3 $16 Rd2 46. Kg5 Nf8 (46... Re2 $16 {was worth a try.}) 47. Ne3 $18 Kg8 $2 (47... Ne6+ {was necessary.} 48. Kxh4 c3) 48. Nxc4 (48. Kxh4 c3 $18) 48... Rd4 49. Ne3 Rxe4 50. Nf5 {[%emt 0:00:10] Prevents Re7.} (50. Kxh4 Kh7 51. Kg5 Re6 $16) 50... Re8 51. Ra7 (51. Nxh4 Ne6+ 52. Kh6 Nc7 $18) 51... Nh7+ (51... Ne6+ $142 52. Kf6 (52. Kxh4 Rf8 $18) 52... Rf8) 52. Kxh4 Re6 53. Ra8+ Nf8 54. Kg5 Rb6 55. h4 f6+ 56. Kh5 Kf7 57. Ra7+ Ke6 58. Re7+ Kd5 59. Ng7 Rb5 60. Rf7 Nd7 61. Nf5 (61. Rxd7+ Kc6+ 62. Kg6 Kxd7 $18) 61... Kc6 62. Re7 Ra5 63. Re6+ Kc7 64. Re2 Ne5 65. Rf2 Kd7 66. g5 fxg5 67. Kxg5 $2 (67. hxg5 $18 {Threatens to win with g6.} Ra6 68. Nh4) 67... Ra8 $2 (67... Ke8 $16) 68. Re2 Ke6 $2 (68... Rg8+ 69. Kf4 Nd3+ 70. Kf3 Rf8) 69. Nh6 (69. Kf4 $142) 69... Kd5 70. h5 Nf3+ $2 (70... Rf8 71. Rb2 Ra8 72. Rb5+ Ke6) 71. Kf6 $2 (71. Kf4 $18 {is the precise move to win.} Nd4 72. Re5+ Kc6 73. Ng4) 71... Ra6+ $16 72. Kg7 Nd4 73. Rg2 (73. Rf2 $16) 73... Ne6+ $14 74. Kf7 {[%emt 0:00:09] Hoping for Ng8.} Nf4 75. Rg5+ $1 Ke4 76. Nf5 (76. Ng8 $14 Nxh5 77. Rxh5 Rxa2 78. Rc5) 76... Nxh5 77. Rxh5 Rxa2 $11 {[%emt 0:00:03] KRN-KR} 78. Ke6 Ra8 79. Rh4+ Kd3 80. Rd4+ Kc3 81. Rd1 Rh8 82. Kd5 Rh5 83. Ke4 Rh3 84. Rd8 Rh5 85. Rc8+ Kb4 86. Rc7 Rg5 87. Ne3 Rh5 88. Nc2+ Kb5 89. Nd4+ Kb4 90. Nf3 Rh3 91. Nd2 Kb5 92. Kd4 Kb6 93. Rc1 Rh4+ 94. Ne4 Rh5 95. Nf6 Rh4+ 96. Kd5 Kb5 97. Rc8 Kb4 98. Ne4 Rh5+ 99. Kd4 Kb5 100. Nc3+ Ka5 101. Rb8 Ka6 102. Nd5 ({White should try} 102. Ne2 $14) 102... Rh1 $1 {[%emt 0:00:07] The position is equal.} 103. Ne3 Rc1 104. Kd5 Rh1 105. Kc5 Rc1+ 106. Nc4 Rh1 107. Rb6+ Ka7 108. Rb4 Rh5+ 109. Kc6 Rh4 110. Rb7+ Ka6 111. Rb6+ Ka7 112. Nd6 {[%emt 0:00:08] Threatening mate with Nb5+.} (112. Rb7+ Ka6 113. Rb6+ Ka7 $18) 112... Rh6 113. Rb1 Re6 114. Ra1+ Kb8 115. Ra6 Rh6 116. Ra5 Rg6 117. Rf5 Rh6 118. Rg5 Ka7 119. Rg8 Re6 120. Rh8 Rg6 121. Rh4 Kb8 122. Rh7 Rf6 123. Rd7 {[%emt 0:00:52] Kb6 would kill now.} Rh6 124. Kb6 Rh8 {[%emt 0:00:02] Inhibits Rd8+.} 125. Nf7 Rg8 126. Ne5 {[%emt 0:00:33] Inhibits Rg6+. Intending Nc6+ and mate.} Kc8 127. Ra7 ({Less strong is} 127. Rc7+ Kd8) 127... Kd8 {[%emt 0:00:11] What a bad dream for Black.   Weighted Error Value: White=0.11 (very precise) /Black=0.28 (precise) .  Missed win:     	White=2     	---        Mistake:       	White=6     	Black=10     Inaccurate:     	White=1     	Black=3      OK:         	White=37    	Black=39     Best:        	White=3     	Black=11     Strong:       	White=2     	Black=1} 1/2-1/2

[Event "3rd President Cup-A 2024"]
[Site "Tashkent"]
[Date "2024.11.29"]
[Round "9.19"]
[White "Madaminov, Mukhiddin"]
[Black "Abdurakhmonov, Mukhammadali"]
[Result "1-0"]
[ECO "D35"]
[WhiteElo "2501"]
[BlackElo "2395"]
[Annotator "TA"]
[PlyCount "59"]
[EventDate "2024.11.22"]
[EventType "swiss"]
[EventCountry "UZB"]
[SourceTitle "playchess.com"]
[Source "ChessBase"]
[SourceQuality "1"]
[TimeControl "5400+30"]

1. c4 e6 2. Nc3 d5 3. d4 Nf6 4. cxd5 exd5 5. Bg5 c6 6. e3 Bf5 7. Qf3 Bg6 8. Bxf6 Qxf6 9. Qxf6 gxf6 10. h4 h6 11. Rd1 Rg8 12. Bd3 Bxd3 {[%emt 0:05:40] The position is equal.} 13. Rxd3 f5 14. Kf1 Bd6 15. Rh3 Ke7 16. Nce2 Nd7 17. Rf3 Ke6 18. Nh3 Rg4 19. Nhf4+ Kf6 20. Nh5+ {[%emt 0:03:11] A dynamic duo of knights.} Ke6 21. Nef4+ Ke7 22. Ng3 Bxf4 23. Nxf5+ Ke6 24. Rxf4 h5 25. Ng3 Rag8 (25... Rxg3 $142 26. fxg3 f5) 26. Nxh5 $18 Rxg2 27. Ng3 R8xg3 28. fxg3 Rxg3 29. Rb3 b6 30. e4 {[%emt 0:00:13] Weighted Error Value: White=0.05 (flawless) /Black=0.23 (precise) .  Mistake:       	---       	Black=1      Inaccurate:     	White=2     	Black=4      OK:         	White=10    	Black=6      Best:        	White=1     	Black=1} 1-0

[Event "3rd President Cup-A 2024"]
[Site "Tashkent"]
[Date "2024.11.29"]
[Round "9.22"]
[White "Goltseva, Ekaterina"]
[Black "Harsh Suresh"]
[Result "0-1"]
[ECO "A84"]
[WhiteElo "2378"]
[BlackElo "2431"]
[Annotator "TA"]
[PlyCount "148"]
[EventDate "2024.11.22"]
[EventType "swiss"]
[EventCountry "UZB"]
[SourceTitle "playchess.com"]
[Source "ChessBase"]
[SourceQuality "1"]
[TimeControl "5400+30"]

1. d4 d5 2. c4 e6 3. Nc3 c6 4. e3 f5 5. Nf3 Bd6 6. Bd3 Nh6 7. Qc2 Nd7 8. Bd2 Nf6 9. O-O-O Bd7 10. h3 Qe7 11. g4 fxg4 12. Ne5 O-O-O 13. e4 dxe4 14. Nxe4 Nxe4 15. Bxe4 gxh3 16. Rxh3 Nf5 17. Nxd7 Rxd7 18. Bc3 Kb8 19. d5 cxd5 20. cxd5 Rc8 21. Rhd3 Qg5+ 22. Kb1 e5 23. Qb3 g6 24. a3 Qf4 25. f3 Ng3 26. Bd2 Qf6 27. Qa4 Rdc7 28. Be3 b6 29. Rb3 Nxe4 30. fxe4 Qe7 (30... Kb7 {is interesting.} 31. Qb5 Qd8 32. Ka2 Qd7) 31. Qa6 Rb7 $1 32. a4 Bc5 33. a5 (33. Bxc5 $11 {remains equal.} Rxc5 34. Qd3) 33... Bxe3 $17 34. Rxe3 Qb4 35. d6 (35. axb6 $142 Rxb6 36. Qa3) 35... bxa5 $17 (35... Qxa5 36. Qxa5 bxa5 37. Rd5 $15) 36. Qe2 Rd8 $1 37. Red3 a4 38. Ka1 a3 39. bxa3 Qc5 40. Qa2 a6 41. Rb1 {[%emt 0:00:40] [#]} (41. Qe6 $17) 41... Rxd6 $2 (41... Rdd7 $1 $19 {[%cal Oh7h5] White must now prevent ...h5!.} 42. Qd2 Rxb1+ 43. Kxb1 h5) 42. Qg8+ $11 Ka7 43. Rxb7+ Kxb7 44. Rb3+ Rb6 45. Qxh7+ Qc7 46. Rxb6+ Kxb6 47. Qxg6+ Ka5 48. Qg2 Qc1+ 49. Ka2 Ka4 50. Qf3 $2 {[%emt 0:01:17][%mdl 8192] [#]} (50. Qb2 $11 Qc4+ 51. Ka1) 50... Qc2+ $1 $19 51. Ka1 Qb3 52. Qf6 Qxa3+ 53. Kb1 Qd3+ 54. Kc1 Qc4+ (54... Qxe4 55. Qxa6+ Kb4 (55... Kb3 56. Qd3+ Qxd3 $11) 56. Kd2 $11) 55. Kd2 Qd4+ (55... Qxe4 56. Qxa6+ Kb4 57. Qf1 $11) 56. Kc1 Qc3+ (56... Qxe4 57. Qxa6+ Kb4 (57... Kb3 58. Qd3+ Qxd3 $11) 58. Kd2 $11) 57. Kd1 a5 58. Ke2 Qc4+ $2 (58... Kb3 {( -> ...a4)} 59. Qb6+ Qb4 60. Qe3+ Kb2) 59. Kd2 $2 (59. Ke3 Qd4+ 60. Kf3) 59... Qd4+ $19 60. Kc1 Kb3 (60... Qxe4 $2 61. Qe6 $19) 61. Qe7 Qc3+ 62. Kd1 Qc2+ 63. Ke1 Qxe4+ 64. Kd1 Qd5+ 65. Kc1 a4 66. Qh7 Qc4+ 67. Kd1 e4 68. Qb7+ Ka2 69. Qa7 e3 70. Ke1 Qb3 ({And not} 70... Kb3 71. Qxe3+ Kb2 (71... Qc3+ 72. Kd1 $11) 72. Qb6+ Qb3 73. Qf2+ Kb1 74. Qc5 $11) 71. Ke2 a3 72. Qc5 Kb1 73. Ke1 a2 74. Qf5+ Kb2 0-1

[Event "3rd President Cup-A 2024"]
[Site "Tashkent"]
[Date "2024.11.29"]
[Round "9.23"]
[White "Chu, Wei Chao"]
[Black "Omonov, Asrorjon"]
[Result "0-1"]
[ECO "D02"]
[WhiteElo "2419"]
[BlackElo "2360"]
[Annotator "TA"]
[PlyCount "88"]
[EventDate "2024.11.22"]
[EventType "swiss"]
[EventCountry "UZB"]
[SourceTitle "playchess.com"]
[Source "ChessBase"]
[SourceQuality "1"]
[TimeControl "5400+30"]

1. Nf3 Nf6 2. d4 d5 3. Bf4 c5 4. e3 Nc6 5. Nbd2 e6 6. c3 cxd4 7. exd4 Nh5 8. Be3 Bd6 {[%emt 0:00:57] [#]} 9. Ne5 $1 g6 10. g4 Ng7 11. Bh6 (11. h4 $11) 11... O-O $1 $15 12. Ndf3 (12. h4 $15) 12... f6 $17 13. Nxc6 bxc6 14. Be2 e5 ({Black should try} 14... Rb8 $19 15. Qd2 e5 16. dxe5 fxe5) 15. Nd2 (15. Qa4 $17 Bd7 (15... Bxg4 16. Qxc6 Be7 17. Rg1 $15) 16. dxe5 fxe5 17. O-O-O) 15... e4 (15... exd4 $19 {White must now prevent ...Re8.} 16. cxd4 Qc7) 16. Nf1 (16. Qa4 $17) 16... f5 $19 17. gxf5 Rxf5 (17... Bxf5 18. h4 $17) 18. Ng3 Rf7 19. Qd2 (19. Be3 $142) 19... Bh3 20. Be3 Rb8 21. b3 Qa5 22. Rb1 Ne6 23. b4 Qd8 24. Kd1 a5 25. a3 axb4 26. axb4 Ra8 {[%emt 0:06:21] Repels Ra1} 27. Kc2 Ra3 28. Rb2 $2 (28. Ra1 Rfa7 29. Rxa3 Rxa3 30. Kb1) 28... Qa8 29. Rhb1 Nf4 30. b5 cxb5 31. Bxb5 Qc8 32. Rb3 {[%emt 0:03:07] aiming for Rxa3.} Ra8 33. Kd1 (33. Ne2 {might work better.} Ng2 34. Ng3) 33... Bg4+ 34. Be2 (34. Kc1 $142 h5 35. Kb2) 34... Nd3 35. Bxg4 Qxg4+ 36. Qe2 Qh3 ({Stronger than} 36... Nxf2+ 37. Bxf2 Qd7 38. Be1 $16) 37. c4 Bxg3 38. fxg3 Rf1+ 39. Kc2 Ra2+ 40. R3b2 Rxb2+ 41. Rxb2 Nxb2 ({Not} 41... dxc4 42. Rb8+ Kf7 43. Bd2 $17) 42. Kxb2 Rh1 43. Kc3 Rxh2 44. Qe1 Qc8 0-1